 Dungeon Crawl Stone Soup version 0.20-b1 (webtiles) character file.

10636 Gorglomux the Spry (level 11, -3/87 HPs)
             Began as a Felid Berserker on May 19, 2017.
             Was a High Priest of Trog.
             Slain by an entropy weaver (4 damage)
             ... on level 4 of the Lair of Beasts.
             The game lasted 00:27:55 (17338 turns).

Gorglomux the Spry (Felid Berserker)               Turns: 17338, Time: 00:27:56

Health: -3/87      AC: -1    Str: 18    XL:     11   Next: 38%
Magic:  12/12      EV: 32    Int: 10    God:    Trog [*****.]
Gold:   380        SH:  0    Dex: 19    Spells: 10/10 levels left
                                        Lives:  0   Deaths: 2

rFire    + . .     SeeInvis +     - Unarmed
rCold    + . .     Gourm    .   (shield unavailable)
rNeg     . . .     Faith    .   (armour unavailable)
rPois    .         Spirit   .   (helmet unavailable)
rElec    .         Reflect  .   (cloak unavailable)
rCorr    +         Harm     .   (gloves unavailable)
MR       +....                  (boots unavailable)
Stlth    ..........             (no amulet)
Regen    0.3/turn               K - ring of protection from fire {rF+, !d}
MPRegen  0.2/turn               q - ring of resist corrosion

@: berserking (expiring), corroded, very quick
A: no armour, no weapons or thrown items, stealth, claws 1, fangs 3, see
invisible, carnivore 3, speed 1, shaggy fur 3, slow metabolism 1, sharp paws
a: Berserk, Trog's Hand, Brothers in Arms, Burn Spellbooks, Renounce Religion


You were on level 4 of the Lair of Beasts.
You worshipped Trog.
Trog was extremely pleased with you.
You were not hungry.

You visited 2 branches of the dungeon, and saw 15 of its levels.

You collected 738 gold pieces.
You spent 358 gold pieces at shops.

Inventory:

Missiles
 C - a throwing net {=f, !d}
 G - 5 curare-tipped needles
Jewellery
 g - an uncursed ring of protection from cold {rC+, !d}
   (You found it on level 1 of the Dungeon)
 q - a ring of resist corrosion (right paw)
   (You found it on level 4 of the Dungeon)
 K - a ring of protection from fire (left paw) {rF+, !d}
   (You found it on level 1 of the Lair of Beasts)
Wands
 e - a wand of scattershot (1/9)
   (You found it on level 11 of the Dungeon)
 m - a wand of confusion (19/48)
   (You found it on level 2 of the Dungeon)
 s - a wand of paralysis (7/24)
   (You found it on level 5 of the Dungeon)
 B - a wand of lightning (12/15)
   (You found it on level 9 of the Dungeon)
 H - a wand of confusion (35/48)
   (You found it on level 11 of the Dungeon)
 I - a wand of lightning (9/15)
   (You took it off Sonja on level 11 of the Dungeon)
 J - a wand of paralysis (10/24)
   (You found it on level 3 of the Lair of Beasts)
 N - a wand of iceblast (4/15)
   (You found it on level 3 of the Lair of Beasts)
Scrolls
 b - 5 scrolls of magic mapping {!r}
 j - 2 scrolls of enchant weapon {unknown}
 k - 11 scrolls of teleportation
 l - 13 scrolls of remove curse
 n - 2 scrolls of recharging
 u - 3 scrolls of fear
 E - 2 scrolls of identify
 L - a scroll of holy word {unknown}
Potions
 c - 3 potions of berserk rage {!q}
 d - 7 potions of curing
 h - 2 potions of lignification {!q}
 i - 4 potions of mutation {!q}
 o - 2 potions of resistance
 p - 5 potions of might
 r - 4 potions of heal wounds
 v - a potion of invisibility
 w - 3 potions of flight
 x - 4 potions of brilliance
 z - 5 potions of haste
 D - a potion of cancellation
Books
 A - a book of Party Tricks
   (You found it on level 9 of the Dungeon)
 F - a book of Maledictions
   (You found it on level 10 of the Dungeon)
 M - a book of Party Tricks
   (You found it on level 3 of the Lair of Beasts)
Comestibles
 a - 7 meat rations {@e2@e2}
 f - 7 royal jellies


   Skills:
 * Level 13.1 Fighting
 + Level 15.0 Dodging
 - Level 10.0 Stealth
 + Level 12.0 Unarmed Combat


You had 10 spell levels left.
You didn't know any spells.

Dungeon Overview and Level Annotations

Branches:
Dungeon (11/15)            Temple (0/1) D:5            Lair (4/6) D:10
 Spider (0/4) Lair:2          Orc (0/2) D:11
  Swamp: Lair:2-4    Shoals: Lair:2-4

Altars:
Dithmenos
Fedhas
Hepliaklqana
Ru
Uskayaw
Yredelemnul

Shops:
D:5 ?   D:7 =   D:9 }:   D:10 !

Annotations:
Lair:1 exclusion: 4 oklob plants


Innate Abilities, Weirdness & Mutations

You cannot wear armour.
You are incapable of wielding weapons or throwing items.
Your paws allow you to move quietly. (Stealth)
You have sharp claws.
You have razor-sharp teeth.
You have supernaturally acute eyesight. (SInv)
You are carnivorous and can eat meat at any time.
You cover ground quickly.
Your thick and shaggy fur keeps you warm. (AC +3, rC+)
You have a slow metabolism.
Your sharp claws are effective at attacking unaware monsters.


Message History

The entropy weaver casts a spell.
The soldier ant twitches its antennae in your direction.
The entropy weaver mumbles some strange words.
The entropy weaver casts a spell.
The polar bear bites the fungus.
The polar bear claws the fungus. x2
The entropy weaver mumbles some strange words.
The entropic weave corrodes you!
You feel yourself speed up.
The entropy weaver gestures wildly while chanting.
The entropic weave corrodes you!
The entropy weaver gestures wildly while chanting.
The entropic weave corrodes you!
There is a stone staircase leading up, spattered with blood here.
You see here the felid corpse of Gorglomux.
You climb upwards.
There is a stone staircase leading down here.
You start resting.
You recover from your berserk rage.
You start resting.
You are no longer corroded.
You start resting.
You hear a distant blaring wail to the west.
You start waiting.
Done waiting.
Health restored: 58 You climb downwards.
The soldier ant misses you. The polar bear misses you.
The polar bear completely misses you. x2
The soldier ant completely misses you.
There is a stone staircase leading up, spattered with blood here.
You see here the felid skeleton of Gorglomux.
A red film seems to cover your vision as you go berserk!
You feel yourself moving faster!
You feel mighty!
You feel quite a bit more hungry. The polar bear barely misses you.
The polar bear completely misses you. The polar bear closely misses you.
The soldier ant misses you.
You now have 87/87 hp.
You claw the soldier ant! The polar bear misses you.
The polar bear completely misses you. x2
You scratch the soldier ant but do no damage.
You claw the soldier ant! Your bite misses the soldier ant.
The soldier ant completely misses you.
Unknown command.
You scratch the soldier ant. You claw the soldier ant!
The polar bear bites you! The polar bear misses you.
The polar bear completely misses you.
You take 10 damage, and have 77/87 hp.
Unknown command.
You scratch the soldier ant.
You kill the soldier ant!
Trog accepts your kill.
Unknown command.
The soldier ant twitches its antennae in your direction.
You scratch the entropy weaver.
The entropy weaver gestures wildly while chanting.
The entropic weave corrodes you!
The polar bear completely misses you. x2
The polar bear misses you.
You claw the entropy weaver! The entropy weaver hits you.
The entropy weaver completely misses you.
The entropy weaver closely misses you. x2; The polar bear misses you.
The polar bear closely misses you. x2
You take 1 damage, and have 76/87 hp.
You barely miss the entropy weaver. You claw the entropy weaver.
You bite the entropy weaver.
Unknown command.
You closely miss the entropy weaver.
The entropy weaver completely misses you.
The entropy weaver hits you.
The entropy weaver completely misses you.
The entropy weaver hits you!
The polar bear completely misses you. x2
The polar bear claws you.
You take 15 damage, and have 61/87 hp.
Unknown command.
You miss the entropy weaver.
Unknown command.
You scratch the entropy weaver. The entropy weaver hits you! x2
The entropy weaver misses you. The entropy weaver hits you!
The polar bear bites you!
* * * LOW HITPOINT WARNING * * *
The polar bear claws you.
* * * LOW HITPOINT WARNING * * *
The polar bear claws you.
* * * LOW HITPOINT WARNING * * *
You are too injured to fight recklessly!
Unknown command.
Unknown command.
You take 48 damage, and have 13/87 hp.
MASSIVE DAMAGE!!
You closely miss the entropy weaver.
The entropy weaver mumbles some strange words.
Unknown command.
You mangle the entropy weaver!!
The polar bear completely misses you. x3
Unknown command.
You claw the entropy weaver!
The entropy weaver completely misses you.
The entropy weaver barely misses you. x2; The entropy weaver hits you!
* * * LOW HITPOINT WARNING * * *
You take 12 damage, and have 1/87 hp.
You scratch the entropy weaver but do no damage.
The entropy weaver misses you. The entropy weaver hits you.
You die...

# ..........# ##
...........[....##### .#
...............(....... .#
....................... .###
##......................
P#.####.......................
..............................
.........?.....†h.............
............#...@..............
...............a.a.............
....P.##.....#.....P##.........
...###.........................
....####.....##.P#P###..#......
....###......########...#......
.§..§###....#.# ##.........
≈§§§§[#......## ##........
≈≈§§........######### #........


You could see an entropy weaver, a polar bear and a soldier ant.

Vanquished Creatures
  An entropy weaver (Lair:4)
  2 hydras
  3 death yaks (D:10)
  A queen ant (Lair:4)
  Sonja (D:11)
  A fire crab (Lair:1)
  An unseen horror (D:10)
  A cyclops (D:11)
  A centaur zombie (D:10)
  3 black mambas
  8 spiny frogs
  2 centaur skeletons
  A gargoyle (D:11)
  2 rime drakes
  3 komodo dragons
  A merfolk (D:9)
  2 trolls
  A polar bear (Lair:2)
  3 blink frogs (Lair:2)
  8 hippogriffs
  A vampire (D:10)
  A redback (Lair:2)
  14 yaks
  2 basilisks
  A hungry ghost (D:10)
  Menkaure (D:7)
  16 soldier ants
  5 water moccasins
  3 ice beasts
  4 orc warriors
  5 porcupines
  3 sky beasts
  3 phantoms
  A black bear (Lair:2)
  3 ogres
  2 centaurs (D:6)
  8 wolves
  7 crocodiles
  A big kobold (D:10)
  11 bullfrogs
  3 scorpions
  8 killer bees
  3 wights (D:3)
  6 howler monkeys
  2 electric eels (Lair:3)
  5 crimson imps
  2 bullfrog skeletons (D:9)
  2 jellies
  5 hounds
  A gnoll shaman (D:7)
  4 orc priests
  6 orc wizards
  3 iguanas
  2 hell rats (D:10)
  11 worker ants
  2 killer bee zombies (D:6)
  2 hound skeletons
  A worker ant zombie (D:10)
  7 gnolls
  18 adders
  3 shadow imps
  An ooze (D:1)
  An adder skeleton (D:6)
  2 worms (D:2)
  A dart slug (D:3)
  7 leopard geckos
  26 orcs
  7 bats
  4 giant cockroaches
  7 goblins
  10 hobgoblins
  9 jackals
  14 kobolds
  7 quokkas
  5 ball pythons
  4 frilled lizards
  A jackal skeleton (D:4)
  A quokka skeleton (D:6)
  A quokka zombie (D:5)
  9 rats
351 creatures vanquished.

Vanquished Creatures (collateral kills)
  A black mamba (Lair:1)
  A soldier ant (Lair:4)
  2 worker ants (Lair:4)
4 creatures vanquished.

Vanquished Creatures (others)
  A basilisk (D:10)
  A wyvern skeleton (D:10)
  A bullfrog skeleton (D:10)
  A hound skeleton (D:10)
  2 fungi (Lair:4)
  6 plants
12 creatures vanquished.

Grand Total: 367 creatures vanquished

Notes
Turn   | Place    | Note
-------+----------+-------------------------------------------
     0 | D:1      | Gorglomux the Felid Berserker began the quest for the Orb.
     0 | D:1      | Reached XP level 1. HP: 10/10 MP: 2/2
   266 | D:1      | Reached XP level 2. HP: 14/14 MP: 3/3
   275 | D:1      | Reached skill level 1 in Stealth
   685 | D:2      | Reached XP level 3. HP: 17/17 MP: 4/4
   708 | D:2      | Reached ** piety under Trog
  1053 | D:2      | HP: 4/17 [goblin/enchanted dagger (6)]
  1454 | D:2      | Reached XP level 4. HP: 22/22 MP: 5/5
  1455 | D:2      | Reached skill level 2 in Stealth
  1621 | D:2      | Found a faded altar of an unknown god.
  1821 | D:2      | Reached skill level 4 in Fighting
  2493 | D:3      | Reached skill level 3 in Stealth
  2493 | D:3      | Reached skill level 4 in Unarmed Combat
  2493 | D:3      | Reached XP level 5. HP: 25/25 MP: 6/6
  2498 | D:3      | Reached skill level 5 in Dodging
  2732 | D:3      | Gained mutation: You are covered in thick fur. (AC +2) [Felid growth]
  2732 | D:3      | Reached XP level 6. HP: 13/29 MP: 7/7
  2754 | D:3      | HP: 7/29 [poisoned by an adder]
  3616 | D:4      | Reached *** piety under Trog
  3616 | D:4      | Reached skill level 6 in Dodging
  4256 | D:4      | Reached skill level 5 in Fighting
  4256 | D:4      | Reached skill level 4 in Stealth
  4256 | D:4      | Reached skill level 5 in Unarmed Combat
  4256 | D:4      | Reached XP level 7. HP: 27/33 MP: 8/8
  4660 | D:5      | Entered Level 5 of the Dungeon
  4846 | D:5      | Reached skill level 7 in Dodging
  5027 | D:5      | Found Reazax's Magic Scroll Emporium.
  5030 | D:5      | Bought a scroll of magic mapping for 35 gold pieces
  5030 | D:5      | Bought a scroll of identify for 20 gold pieces
  5030 | D:5      | Bought a scroll of random uselessness for 10 gold pieces
  5030 | D:5      | Bought a scroll of remove curse for 30 gold pieces
  5030 | D:5      | Bought a scroll of teleportation for 30 gold pieces
  5030 | D:5      | Bought a scroll of amnesia for 35 gold pieces
  5243 | D:5      | Reached XP level 8. HP: 33/38 MP: 9/9
  5350 | D:5      | Reached skill level 6 in Fighting
  5350 | D:5      | Reached skill level 6 in Unarmed Combat
  5699 | D:5      | Found a staircase to the Ecumenical Temple.
  5794 | D:6      | Reached skill level 8 in Dodging
  5794 | D:6      | Reached skill level 5 in Stealth
  6050 | D:6      | HP: 14/58 [centaur (4)]
  6346 | D:7      | Found Yjoliess's Jewellery Shop.
  6530 | D:7      | Reached skill level 9 in Dodging
  6530 | D:7      | Reached skill level 6 in Stealth
  6533 | D:7      | Reached skill level 7 in Unarmed Combat
  6724 | D:7      | Reached XP level 9. HP: 42/42 MP: 10/10
  6834 | D:7      | Noticed Menkaure
  6838 | D:7      | Killed Menkaure
  6838 | D:7      | Reached **** piety under Trog
  6838 | D:7      | Reached skill level 7 in Fighting
  7583 | D:7      | Reached skill level 10 in Dodging
  7603 | D:7      | Reached skill level 7 in Stealth
  7841 | D:8      | Found a blossoming altar of Fedhas.
  7908 | D:8      | Reached skill level 8 in Unarmed Combat
  8305 | D:8      | Reached skill level 8 in Fighting
  8578 | D:8      | Reached XP level 10. HP: 47/48 MP: 11/11
  9005 | D:9      | Reached ***** piety under Trog
  9005 | D:9      | Reached skill level 11 in Dodging
  9051 | D:9      | HP: 7/48 [orc warrior/trident (17)]
  9153 | D:9      | Reached skill level 8 in Stealth
  9236 | D:9      | Found Soshayfa's Book Shop.
  9254 | D:9      | Found a shadowy altar of Dithmenos.
  9289 | D:9      | Found a basalt altar of Yredelemnul.
  9291 | D:9      | Found a hazy altar of Hepliaklqana.
  9361 | D:9      | Noticed a hand axe
  9363 | D:9      | Noticed a dagger
  9363 | D:9      | Found a hide-covered altar of Uskayaw.
  9422 | D:9      | Found Donnyacu's Gadget Boutique.
  9532 | D:9      | Reached skill level 9 in Unarmed Combat
  9665 | D:10     | Entered Level 10 of the Dungeon
  9730 | D:10     | Found Colaest's Distillery.
  9737 | D:10     | Bought a potion of heal wounds for 55 gold pieces
  9737 | D:10     | Bought a potion of heal wounds for 55 gold pieces
  9737 | D:10     | Bought a potion of brilliance for 44 gold pieces
  9737 | D:10     | Bought a potion of might for 44 gold pieces
  9757 | D:10     | Noticed a wolf spider
  9906 | D:10     | Noticed a death yak
  9911 | D:10     | Found a staircase to the Lair.
  9911 | D:10     | Noticed a death yak
  9913 | D:10     | Noticed a death yak
  9945 | D:10     | Killed a death yak
  9945 | D:10     | Reached skill level 9 in Fighting
  9957 | D:10     | Killed a death yak
  9957 | D:10     | Reached skill level 12 in Dodging
  9961 | D:10     | HP: 11/73 [death yak (29)]
  9964 | D:10     | Killed a death yak
  9964 | D:10     | Reached skill level 9 in Stealth
 10250 | D:10     | Reached XP level 11. HP: 35/53 MP: 12/12
 10649 | D:10     | Reached skill level 10 in Unarmed Combat
 10665 | D:10     | Noticed an unseen horror
 10669 | D:10     | Killed an unseen horror
 11121 | D:11     | Found a staircase to the Orcish Mines.
 11162 | D:11     | Found a sacrificial altar of Ru.
 11362 | D:11     | Reached skill level 10 in Fighting
 11366 | D:11     | Reached skill level 13 in Dodging
 11625 | D:11     | Noticed a five-headed hydra
 11644 | D:11     | Noticed Sonja
 11653 | D:11     | Killed Sonja
 11675 | D:11     | HP: 18/81 [five-headed hydra (12)]
 11675 | D:11     | HP: 3/81 [five-headed hydra (15)]
 11676 | D:11     | Killed a five-headed hydra
 11676 | D:11     | Reached skill level 10 in Stealth
 12010 | Lair:1   | Entered Level 1 of the Lair of Beasts
 12294 | Lair:1   | Noticed a fire crab
 12305 | Lair:1   | Killed a fire crab
 12526 | Lair:1   | Noticed an oklob plant
 12528 | Lair:1   | Noticed an oklob plant
 12530 | Lair:1   | Noticed an oklob plant
 12530 | Lair:1   | Noticed an oklob plant
 12779 | Lair:1   | Noticed an eight-headed hydra
 12809 | Lair:1   | Killed a nine-headed hydra
 12809 | Lair:1   | Reached skill level 11 in Fighting
 12809 | Lair:1   | Reached skill level 11 in Unarmed Combat
 12888 | Lair:1   | Gained mutation: Your thick and shaggy fur keeps you warm. (AC +3, rC+) [Felid growth]
 12888 | Lair:1   | Reached XP level 12. HP: 38/60 MP: 13/13
 13185 | Lair:2   | Slain by a komodo dragon
 13186 | Lair:2   | Reached XP level 11. HP: -4/55 MP: 12/12
 13195 | Lair:2   | Reached skill level 14 in Dodging
 13466 | Lair:2   | Found a hole to the Spider Nest.
 13723 | Lair:2   | HP: 13/55 [poisoned by a redback]
 13728 | Lair:2   | HP: 10/55 [poisoned by a redback]
 13734 | Lair:2   | HP: 7/55 [poisoned by a redback]
 13741 | Lair:2   | HP: 5/55 [poisoned by a redback]
 13748 | Lair:2   | HP: 4/55 [poisoned by a redback]
 13756 | Lair:2   | HP: 4/55 [poisoned by a redback]
 14808 | Lair:3   | Reached skill level 12 in Fighting
 15527 | Lair:3   | HP: 14/57 [poisoned by a black mamba]
 15533 | Lair:2   | HP: 11/57 [poisoned by a black mamba]
 15539 | Lair:2   | HP: 9/57 [poisoned by a black mamba]
 15545 | Lair:2   | HP: 9/57 [poisoned by a black mamba]
 16450 | Lair:4   | Noticed an entropy weaver
 16452 | Lair:4   | Noticed a queen ant
 16484 | Lair:4   | Reached XP level 12. HP: 61/61 MP: 13/13
 16755 | Lair:4   | HP: 16/91 [entropy weaver (7)]
 16758 | Lair:4   | HP: 6/91 [entropy weaver (9)]
 16760 | Lair:4   | Killed an entropy weaver
 16762 | Lair:4   | Slain by a soldier ant
 16763 | Lair:4   | Reached XP level 11. HP: -2/87 MP: 12/12
 16823 | Lair:4   | Noticed an entropy weaver
 16906 | Lair:4   | Reached skill level 13 in Fighting
 16924 | Lair:4   | Killed a queen ant
 16924 | Lair:4   | Reached skill level 15 in Dodging
 16924 | Lair:4   | Reached skill level 12 in Unarmed Combat
 16935 | Lair:4   | HP: 10/58 [entropy weaver (8)]
 16935 | Lair:4   | HP: 3/58 [entropy weaver (5)]
 17334 | Lair:4   | HP: 19/87 [polar bear (15)]
 17337 | Lair:4   | HP: 1/87 [entropy weaver (12)]
 17338 | Lair:4   | Slain by an entropy weaver

Skill      XL: |  1  2  3  4  5  6  7  8  9 10 11 |
---------------+----------------------------------+-----
Stealth        | 1 3 4 6 7 9 10 | 10.0
Fighting       | 4 5 6 8 9 13 | 13.1
Unarmed Combat | 4 5 7 8 9 12 | 12.0
Dodging        | 5 6 7 9 10 12 15 | 15.0

Action                   |  1- 3 |  4- 6 |  7- 9 | 10-12 || total
-------------------------+-------+-------+-------+-------++-------
Melee: Unarmed           |    63 |   155 |   318 |   629 ||  1165
       Bite              |     8 |    10 |    34 |    66 ||   118
       Punch             |       |       |    10 |    37 ||    47
Invok: Berserk           |     8 |     5 |    17 |    28 ||    58
       Trog's Hand       |       |       |     3 |     7 ||    10
       Brothers in Arms  |       |       |       |     4 ||     4
Evoke: Wand              |       |       |       |     6 ||     6
  Use: Scroll            |       |     4 |     2 |     9 ||    15
 Stab: Sleeping          |     4 |    14 |    18 |    33 ||    69
       Distracted        |       |       |     1 |     2 ||     3
       Paralysed         |       |       |       |     1 ||     1
  Eat: Chunk             |    13 |    12 |    26 |    50 ||   101
Armor: Skin              |       |     4 |    11 |    12 ||    27
Dodge: Dodged            |    51 |   114 |   240 |   649 ||  1054

Vault maps used:
D:1:      roderic_chinese_lattice_arrival
D:2:      chequers_ecumenical_altar_island, serial_co_window_serial,
          co_window_paths_b, co_window_of_opportunity_a, co_window_paths_a,
          co_window_paths_a, co_window_paths_a, co_window_broadway_b,
          co_window_of_opportunity_c, co_window_cross_4, co_window_broadway_c,
          first_bread, dk_vineyard_3, minmay_pentomino_r4
D:5:      minmay_temple_entry_fiery, serial_shops, kennysheep_mini_moat
D:7:      serial_shops, nicolae_shop_window_shopping, uniq_menkaure
D:8:      fedhas_altar_1
D:9:      dancing_weapons_uskayaw, nicolae_overflow_hidden_temple, serial_shops,
          shop, nicolae_shop_behind_doors, hangedman_fish_farm
D:10:     dpeg_lair_monsters, serial_shops,
          nicolae_shop_temple_entry_statues_fountains,
          eino_small_chamber_without_monster, minivault_12
D:11:     orc_0_dummy, wad_floor_pattern_untrapped, minivault_25,
          nicolae_ru_sacrificial_ziggurat, uniq_sonja
Lair:1:   serial_bayou_shore_a, lemuel_fruit_fields, grunt_megastairs_4,
          lemuel_fruit_fields, minmay_lair_oklob_chamber
Lair:2:   spider_nest_entry_a, grunt_megastairs_1
Lair:3:   serial_bayou, serial_bayou_pond_b, serial_bayou_lake_a,
          serial_bayou_pond_c, serial_bayou_pond_a, serial_bayou_pond_a,
          serial_bayou_lagoon_a
Lair:4:   minmay_shoals_entry_lonely_mermaid, minivault_29

Table legend:
 A = Turns spent in this place as a percentage of turns spent in the entire game.
 B = Non-inter-level travel turns spent in this place as a percentage of non-inter-level travel turns spent in the entire game.
 C = Inter-level travel turns spent in this place as a percentage of turns spent in this place.
 D = Turns resting spent in this place as a percentage of non-inter-level travel turns spent in this place.
 E = Turns spent auto-exploring this place as a percentage of non-inter-level travel turns spent in this place.
 F = Non-inter-level travel turns spent in this place divided by the number of levels of this place that you've seen.
                   A       B       C       D       E      F
               +-------+-------+-------+-------+-------+----------------------
         Total | 100.0 | 100.0 |   0.3 |   5.9 |   7.8 | 316.0
       Dungeon |  68.9 |  68.9 |   0.3 |   5.9 |   9.6 | 296.8
          Lair |  31.1 |  31.1 |   0.3 |   5.9 |   3.9 | 368.8
               +-------+-------+-------+-------+-------+----------------------

Table legend:
 A = Kills in this place as a percentage of kills in entire the game.
 B = Kills by you in this place as a percentage of kills by you in the entire game.
 C = Kills by friends in this place as a percentage of kills by friends in the entire game.
 D = Other kills in this place as a percentage of other kills in the entire game.
 E = Experience gained in this place as a percentage of experience gained in the entire game.
 F = Experience gained in this place divided by the number of levels of this place that you have seen.
                   A       B       C       D       E      F
               +-------+-------+-------+-------+-------+----------------------
         Total | 100.0 | 100.0 | 100.0 |  -nan | 100.0 | 2549.7
       Dungeon |  72.7 |  73.5 |   0.0 |  -nan |  45.8 | 1591.3
          Lair |  27.3 |  26.5 | 100.0 |  -nan |  54.2 | 5185.2
               +-------+-------+-------+-------+-------+----------------------
